[Event "Svetozar Gligoric Masters 2022"]
[Site "Belgrade"]
[Date "2022.07.18"]
[Round "2.12"]
[White "Kanov, Nikola"]
[Black "Neelash Saha"]
[Result "0-1"]
[ECO "B15"]
[WhiteElo "2238"]
[BlackElo "2446"]
[Annotator "TA"]
[PlyCount "70"]
[EventDate "2022.07.18"]
[EventCountry "SRB"]
[SourceTitle "playchess.com"]
[Source "ChessBase"]
[SourceQuality "1"]
[TimeControl "40/5400+30:900+30"]

1. e4 c6 2. d4 d5 3. Nc3 dxe4 4. Nxe4 Nf6 5. Nxf6+ exf6 6. c3 Bd6 7. Bd3 O-O 8. Ne2 Re8 9. O-O {B15: Caro-Kann: 3 Nc3: 3...g6 and 3...dxe4 4 Nxe4 Nf6 5 Nxf6+ exf6.} Nd7 10. f4 (10. Bf4 $11 Nb6 11. Bxd6 Qxd6 12. Ng3) 10... Qc7 11. Ng3 {The position is equal.} c5 $1 {[%cal Bc6c5,Bc5c4][%mdl 32] [#]} 12. Kh1 $146 ({Predecessor:} 12. Nf5 cxd4 13. cxd4 Nf8 14. Nxd6 Qxd6 15. Kh1 Bd7 16. Bd2 Bc6 17. Bc3 Qd5 18. Qg4 Re3 19. Bc2 h5 {0-1 (19) Macias Pino,D (2161)-Howell,D (2676) Valencia 2019}) 12... g6 13. d5 (13. Ne4 $15) 13... c4 $17 14. Be2 Nb6 15. Qd4 {[#]} f5 {Against Ne4} 16. b3 Bc5 17. Qd1 Bf8 {Black is more active.} 18. bxc4 Bd7 ({And not} 18... Nxc4 19. Qa4 Nd6 20. Qb3 $15) 19. Qd3 Rac8 20. Be3 Qxc4 21. Qxc4 Nxc4 22. Bxa7 Rxe2 23. Nxe2 $15 {[#] a4 is the strong threat.} b6 24. Rfb1 $1 Bc5 25. Nd4 Ra8 26. Bxb6 {Now White is beyond hope.} Nxb6 $19 ({Worse is} 26... Bxb6 27. Rb4 Bxd4 28. Rxc4 $11) 27. Nb3 Ba3 28. Rd1 Rc8 {[%mdl 1024] Black has strong compensation.} 29. Rd3 Bb5 30. Rd2 Nc4 ({Not} 30... Rxc3 $2 31. d6 $19) 31. Rf2 Nd6 32. Rd1 Rxc3 {White must now prevent ...Ne4.} 33. Nd4 (33. Ra1 $142) 33... Ba4 {This bishop pair is nice. Black is clearly winning.} 34. Nb3 Ne4 35. Re2 Bb5 {Weighted Error Value: White=0.36/Black=0.06 (flawless)} 0-1

[Event "Svetozar Gligoric Masters 2022"]
[Site "Belgrade"]
[Date "2022.07.18"]
[Round "2.13"]
[White "Petrovic, Aleksa"]
[Black "Samant Aditya S"]
[Result "0-1"]
[WhiteElo "2230"]
[BlackElo "2431"]
[Annotator "TA"]
[PlyCount "40"]
[EventDate "2022.07.18"]
[EventCountry "SRB"]
[SourceTitle "playchess.com"]
[Source "ChessBase"]
[SourceQuality "1"]
[TimeControl "40/5400+30:900+30"]

1. d4 Nf6 2. c4 e6 3. Nf3 Bb4+ 4. Bd2 a5 5. Nc3 d6 {[%mdl 32768] [#] Loss on time!?} {Predecessor:} 6. Qc2 $146 {E11: Bogo-Indian.} Nbd7 7. g3 e5 8. Bg2 exd4 9. Nxd4 O-O 10. O-O Re8 11. Rad1 Ne5 12. b3 c6 13. Bg5 Bxc3 14. Qxc3 h6 15. Bc1 Qe7 16. e4 a4 17. f4 Ng6 18. Rfe1 axb3 19. axb3 Qc7 20. Bb2 Bg4 {1-0 (49) Fedoseev,V (2719)-Hjartarson,J (2530) Chess.com INT 2018} 0-1

[Event "Svetozar Gligoric Masters 2022"]
[Site "Belgrade"]
[Date "2022.07.18"]
[Round "2.14"]
[White "Radovanovic, Nikola"]
[Black "Sanket Chakravarty"]
[Result "1-0"]
[ECO "B23"]
[WhiteElo "2422"]
[BlackElo "2209"]
[Annotator "TA"]
[PlyCount "87"]
[EventDate "2022.07.18"]
[EventCountry "SRB"]
[SourceTitle "playchess.com"]
[Source "ChessBase"]
[SourceQuality "1"]
[TimeControl "40/5400+30:900+30"]

1. e4 c5 2. Nc3 Nc6 3. Bb5 Nd4 4. Nf3 a6 5. Bd3 g6 6. Rb1 {B23: Closed Sicilian: Lines without g3.} Nc6 7. O-O Bg7 8. a3 {The position is equal.} Nf6 9. b4 d6 10. bxc5 dxc5 11. Re1 {[#]} Bg4 $146 (11... O-O $11) ({Predecessor:} 11... b5 12. Bb2 Bg4 13. Nd5 O-O 14. h3 Bxf3 15. Qxf3 c4 16. Bf1 Nxd5 17. Bxg7 Kxg7 18. exd5 {1-0 (50) Haldorsen,B (2455)-Edouard,R (2653) Sitges 2019}) 12. Rxb7 Nd7 13. Nd5 {Black must now prevent Nc7+.} O-O 14. Be2 Rb8 (14... e6 $11 {keeps the balance.} 15. Rxd7 Qxd7) 15. Rxb8 $1 $16 {White is more active.} Qxb8 16. Bxa6 Nd4 (16... Nde5 $14) 17. c3 ({Better is} 17. Nxe7+ $18 Kh8 18. Be2 Nxe2+ 19. Qxe2) 17... Nxf3+ 18. gxf3 Bh5 (18... Be6 {was necessary.} 19. Nxe7+ Kh8) 19. Nxe7+ $18 Kh8 {[#]} 20. Be2 $1 f5 21. exf5 Qd6 {[#]} (21... Re8 $142) 22. f4 $1 Qxe7 23. Bxh5 Qh4 24. fxg6 Rxf4 25. Re8+ (25. Qe2 Qg5+ 26. Kh1 Qd5+ 27. Kg1 Qg5+ 28. Kf1 Qd5 $16) 25... Nf8 26. Bf3 hxg6 $2 (26... Qh3 {is more resistant.}) 27. d4 Rf5 28. Be3 cxd4 29. cxd4 Kh7 30. Re4 Qf6 31. Bg4 Ra5 32. Qf3 Rxa3 33. Qxf6 Bxf6 34. d5 Rd3 35. Re8 Kg7 36. Bc5 Nh7 37. d6 Rd5 38. Rc8 {White is clearly winning.} Ng5 39. Rc7+ Kh6 40. Be3 {And now d7 would win.} Bd4 41. Bf4 {aiming for h4.} Be5 42. Bxe5 Rxe5 43. d7 Rd5 44. Rc8 {Weighted Error Value: White=0.13 (very precise) /Black=0.39} 1-0

[Event "Svetozar Gligoric Masters 2022"]
[Site "Belgrade"]
[Date "2022.07.18"]
[Round "2.15"]
[White "Muthaiah AL"]
[Black "Veselov, Yaroslav"]
[Result "0-1"]
[WhiteElo "2401"]
[BlackElo "2206"]
[Annotator "TA"]
[PlyCount "35"]
[EventDate "2022.07.18"]
[EventCountry "SRB"]
[SourceTitle "playchess.com"]
[Source "ChessBase"]
[SourceQuality "1"]
[TimeControl "40/5400+30:900+30"]

1. c4 e5 2. g3 c6 3. Nf3 e4 4. Nd4 d5 5. cxd5 Qxd5 6. Nc2 {A20: English Opening: 1...e5.} Nf6 7. Nc3 Qe5 8. Bg2 {The position is equal.} Na6 9. O-O Be7 10. Ne3 O-O {[%mdl 32768] [#] A rather calm draw.  Weighted Error Value: White=0.02 (flawless) /Black=0.00 (flawless) . Sensor Board Error (Ke4/e5)?} {Predecessor:} 11. a3 $146 Re8 12. b4 Ng4 13. Bb2 Qh5 14. h4 Bf6 15. Qc2 Nxe3 16. dxe3 Bf5 17. Na4 Bxb2 18. Nxb2 {0-1 (32) Ding,L (2806)-Nepomniachtchi,I (2766) Madrid 2022} 0-1

[Event "Svetozar Gligoric Masters 2022"]
[Site "Belgrade"]
[Date "2022.07.18"]
[Round "2.16"]
[White "Biocanin, Goran"]
[Black "Damjanovic, Vuk"]
[Result "0-1"]
[ECO "B00"]
[WhiteElo "2224"]
[BlackElo "2393"]
[Annotator "TA"]
[PlyCount "100"]
[EventDate "2022.07.18"]
[EventCountry "SRB"]
[SourceTitle "playchess.com"]
[Source "ChessBase"]
[SourceQuality "1"]
[TimeControl "40/5400+30:900+30"]

1. e4 Nc6 2. Nf3 d6 3. Bc4 Nf6 4. d3 g6 5. Nc3 Bg7 6. h3 {B00: Queen's Fianchetto Defence, Nimzowitsch Defence.} O-O 7. a3 e5 8. Bg5 {The position is equal.} Be6 9. Nd5 Bxd5 {[#]} 10. Bxd5 $146 ({Predecessor:} 10. Bxf6 Qxf6 11. Bxd5 Rab8 12. O-O Ne7 13. Ba2 c6 14. Qd2 Rfd8 15. Rae1 g5 16. Nxg5 {1-0 (45) Venturas,B (691)-Billion,P (931) LSS email 2010}) 10... h6 11. Bxf6 Qxf6 12. c3 Nd8 13. h4 Ne6 14. Bxe6 Qxe6 15. h5 g5 16. Nd2 f5 17. f3 g4 18. Qe2 fxe4 19. dxe4 Bf6 20. O-O-O Bg5 21. Kc2 $1 gxf3 22. gxf3 (22. Nxf3 $11 Be7 23. Rdf1) 22... Rf6 $15 23. Rdg1 a6 {Black is more active.} 24. Rg3 Raf8 25. Nc4 Qf7 (25... Kh7 $17) 26. Rhh3 $1 $11 Qe6 27. Ne3 c6 28. Nf5 Kf7 29. Rg4 Qd7 30. Rhg3 Ke8 31. Qd3 Kd8 32. Rxg5 hxg5 33. Rxg5 Kc7 34. h6 {[%mdl 1024] White has compensation.} R8f7 35. Qc4 b5 36. Qd3 Rh7 37. Qe3 {White wants to mate with Qa7+.} Kb7 {[#] Against Qa7+} (37... c5 $1 $11 {keeps the balance.}) 38. Qg1 $1 $16 ({Of course not} 38. Rg7 $6 Rxg7 39. hxg7 Rg6 $11) 38... Rxf5 $4 {[%mdl 8192] A mistake that costs the game.} (38... Qf7 $16) 39. exf5 {[%mdl 4096] Endgame And now Rg7 would win. KQR-KQR} Rf7 40. Qg4 Kb6 41. b4 {[%cal Of5f6] Threatens to win with f6!} a5 42. Rh5 axb4 43. axb4 c5 44. bxc5+ Kxc5 45. f6 {[#] Intending Qxd7 and mate.} Qc7 46. Qg6 (46. h7 $142 Rf8 47. h8=Q) 46... Rh7 $18 47. Qe4 {Black must now prevent f4.} Qf7 48. Rh1 Rh8 49. Qe3+ $2 (49. Ra1 {aiming for Qb4+.} Qc4 50. f7) 49... Kc6 50. Ra1 {Against Qa2+. Strongly threatening Ra6+.} Qxf6 $2 {[%mdl 32768] Weighted Error Value: White=0.30/Black=0.17 (very precise) . Loss on time!?} (50... Qg6+ 51. Kb3 Qg8+ 52. f7 Qxf7+ 53. Kb2 Qf4 54. Qxf4 exf4) 0-1

[Event "Svetozar Gligoric Masters 2022"]
[Site "Belgrade"]
[Date "2022.07.18"]
[Round "2.17"]
[White "Skare, Goran"]
[Black "Erdogmus, Yagiz Kaan"]
[Result "0-1"]
[ECO "A37"]
[WhiteElo "2218"]
[BlackElo "2373"]
[Annotator "TA"]
[PlyCount "90"]
[EventDate "2022.07.18"]
[EventCountry "SRB"]
[SourceTitle "playchess.com"]
[Source "ChessBase"]
[SourceQuality "1"]
[TimeControl "40/5400+30:900+30"]

1. Nf3 c5 2. g3 Nc6 3. Bg2 g6 4. c4 Bg7 5. O-O e6 6. Nc3 Nge7 7. d3 O-O 8. Bd2 d5 9. a3 b6 10. Rb1 Bb7 11. cxd5 exd5 12. b4 {A37: Symmetrical English vs ...g6: 4 Bg2 Bg7 5 Nf3.} d4 13. Ne4 cxb4 14. axb4 {The position is equal.} Nd5 15. Qb3 Nce7 16. b5 h6 {[#]} 17. g4 $146 (17. Rbc1 $11) ({Predecessor:} 17. Qa3 Qd7 18. Nd6 a5 19. Nxb7 Qxb7 20. e4 Nc3 21. Rb3 Ne2+ 22. Kh1 Qd7 23. Re1 {0-1 (57) Ruether,R (2036)-Schulz,M (2079) Bayern 2012}) 17... Qd7 18. h3 Kh8 19. Qa3 $1 Rfd8 (19... f5 {keeps more tension.} 20. Nd6 fxg4 21. hxg4 Nc3) 20. Rfc1 f5 21. gxf5 Nxf5 22. Rc4 Nc7 (22... g5 $17) 23. Qb2 (23. Bf4 $1 $11 Nxb5 24. Qb4) 23... Bd5 24. Rb4 Ne6 25. Ng3 Nxg3 26. fxg3 Kh7 27. Be1 Rac8 28. Bf2 Rc5 29. h4 Rdc8 {[#] White must now prevent ...Rc2.} 30. Ne1 {[%mdl 8192] Against Rc2} ({Avoid the trap} 30. Bh3 $2 Rc2 31. Qa3 Rxe2 $19) (30. Re1 $17) 30... Bxg2 31. Kxg2 Nc7 $2 (31... g5 $19 {is more deadly.} 32. Rc4 Qd5+ 33. Kg1 gxh4) 32. Bxd4 $17 Nd5 {Black is more active.} 33. Bxg7 {[%cal Og7d4] [#] Threatens to win with Bd4!} Nxb4 {The board is on fire.} ({But not} 33... Qxg7 34. Qxg7+ Kxg7 35. R4b3 $16) 34. Bd4 $2 (34. Qxb4 $17 Qxg7 35. Nf3) 34... Rxb5 $19 35. e3 a5 ({Weaker is} 35... Nxd3 36. Qxb5 Nxe1+ 37. Kf2 Qxb5 38. Rxb5 Nd3+ 39. Ke2 $15) 36. Qb3 (36. Kh2 $142) 36... Rd5 37. Bxb6 (37. Rb2 {was worth a try.}) 37... Rb8 {Black is clearly winning.} 38. Bd4 Nc6 39. Qxb8 Nxb8 40. Rxb8 Rxd4 41. exd4 Qxd4 {KQ-KRN} 42. Kf1 Qd5 {Inhibits Ra8.} 43. Rb6 Qa8 {Prevents Ra6.} 44. Ke2 a4 {Against Rb3} 45. Rb2 Qd5 {Weighted Error Value: White=0.52/Black=0.23 (precise)} 0-1

[Event "Svetozar Gligoric Masters 2022"]
[Site "Belgrade"]
[Date "2022.07.18"]
[Round "2.18"]
[White "Kushagra Mohan"]
[Black "Stamatiou, Rodolfos"]
[Result "1-0"]
[ECO "B92"]
[WhiteElo "2359"]
[BlackElo "2189"]
[Annotator "TA"]
[PlyCount "107"]
[EventDate "2022.07.18"]
[EventCountry "SRB"]
[SourceTitle "playchess.com"]
[Source "ChessBase"]
[SourceQuality "1"]
[TimeControl "40/5400+30:900+30"]

1. e4 c5 2. Nf3 d6 3. d4 cxd4 4. Nxd4 Nf6 5. Nc3 a6 6. Be2 e5 7. Nf3 Qc7 8. Bg5 {aiming for Bxf6. B92: Sicilian Najdorf: 6 Be2.} Nbd7 9. a4 h6 10. Be3 {The position is equal.} Nc5 11. Nd2 Be6 12. O-O Be7 {[#]} 13. Re1 $146 ({Predecessor:} 13. Bf3 O-O 14. a5 Qc6 15. Qe2 Rac8 16. Rfd1 Rfe8 17. g3 Bf8 18. Bg2 Bg4 19. Bf3 {0-1 (42) Salemgareev,T (2463)-Sarana,A (2635) Cheliabinsk 2021}) 13... O-O 14. Bf3 Rfd8 15. Nf1 Rac8 (15... b5 $5) 16. Bxc5 Qxc5 17. Ne3 Qb4 18. Rb1 Bf8 19. h3 g6 20. Bg4 Nxg4 (20... Nxe4 $2 21. Bxe6 fxe6 22. Qg4 $18) ({Black should play} 20... h5 $15 21. Bxe6 fxe6) 21. hxg4 $11 Rc5 22. Qf3 Rb8 23. g3 (23. Ned5 {is interesting.} Bxd5 24. Nxd5 Qxa4 25. c3) 23... Rxc3 24. bxc3 Qxa4 25. Kg2 Qc6 26. Rh1 Qxc3 27. Rh2 Bg7 28. Rbh1 Qc8 {[#]} 29. Nf5 $1 gxf5 30. gxf5 Bxf5 31. exf5 $16 {Black must now prevent Qg4.} Qc6 32. f6 $36 {[%mdl 2048] White is really pushing.} Bxf6 (32... Bf8 $16) 33. Rxh6 $18 {Dancing on a razor blade.} Qxf3+ 34. Kxf3 $16 {[%mdl 4096] Endgame KRR-KRB} Kg7 (34... Bg7 $142) 35. Rh7+ $2 (35. Ke4 $1 $18 {[%cal Re4f5] Kf5 is the strong threat.} Bd8 36. Rxd6) 35... Kg8 $1 $14 {[#]} 36. R7h6 (36. Ke4 $1 $16) 36... Kg7 $18 {[#] White stays focused until the end.} 37. Ke4 $1 {Strongly threatening Kf5.} Bg5 $2 (37... Rg8 {is a better defense.} 38. Rh7+ Kf8) 38. Rxd6 Rc8 39. Kf5 ({Don't do} 39. Kxe5 $6 Be7 $18) 39... Bd8 40. Rb1 ({And not} 40. Kxe5 Bc7 41. c4 Bxd6+ 42. Kxd6 Rxc4 $17) 40... b5 41. Rb2 ({Resist} 41. Rxa6 $6 Rxc2 42. Rxb5 Rxf2+ 43. Kxe5 Rg2 $18) 41... Be7 42. Rxa6 Rc5 43. Rb6 Rc3 44. R6xb5 Rf3+ 45. Ke4 Rxf2 46. c4 f5+ 47. Kd5 Rf3 48. R2b3 Rf2 49. Kxe5 Bf6+ 50. Ke6 Kg6 51. Rd5 f4 52. gxf4 {White threatens Rg3+ and mate.} Rxf4 53. Rg3+ Kh6 54. Rf5 {Weighted Error Value: White=0.24 (precise) /Black=0.48} 1-0

[Event "Svetozar Gligoric Masters 2022"]
[Site "Belgrade"]
[Date "2022.07.18"]
[Round "2.19"]
[White "Srija, Seshadri"]
[Black "Tisaj, Domen"]
[Result "1-0"]
[ECO "C07"]
[WhiteElo "2208"]
[BlackElo "2355"]
[Annotator "TA"]
[PlyCount "107"]
[EventDate "2022.07.18"]
[EventCountry "SRB"]
[SourceTitle "playchess.com"]
[Source "ChessBase"]
[SourceQuality "1"]
[TimeControl "40/5400+30:900+30"]

1. e4 e6 2. d4 d5 3. Nd2 c5 4. Ngf3 cxd4 5. Nxd4 Nc6 6. Bb5 Bd7 7. Nxc6 bxc6 8. Bd3 Ne7 {C07: French Tarrasch: 3...c5, 4 Ngf3 and 4 exd5 Qxd5.} 9. O-O Ng6 10. f4 Bc5+ {The position is equal.} 11. Kh1 O-O 12. Nf3 {[#]} f5 $146 (12... Qc7 $11 {should be considered.}) ({Predecessor:} 12... f6 13. c4 Be8 14. Qe2 Bf7 15. b3 Qc7 16. g3 a5 17. Be3 Ba3 18. Bc1 Bd6 {½-½ (45) Radev,N-Marszalek,R (2340) Pazardzik 1978}) 13. e5 ({Better is} 13. exf5 $16 exf5 14. g3) 13... Be7 14. c4 Rb8 15. Bc2 Qb6 16. Bb3 Rfd8 17. Qd3 (17. Bd2 $11 {keeps the balance.}) 17... Bc8 (17... c5 $1 $17) 18. Be3 d4 19. Bd2 ({Don't blunder} 19. Bxd4 $2 c5 20. Rac1 Ba6 $19) 19... c5 20. h3 (20. Ba4 $15) 20... Bb7 $17 21. Kh2 Rf8 22. Qe2 a5 23. Qe1 Ra8 24. Ba4 Be4 25. b3 Ra7 26. Bb5 a4 (26... Rfa8 $15 {is more appropriate.}) 27. bxa4 $11 Rfa8 28. a5 Qb7 29. a4 Bd8 30. Ra2 Bxa5 31. Bxa5 Rxa5 32. Ng5 (32. Qg3 $11) 32... Nf8 33. Nxe4 (33. Qd1 $15) 33... fxe4 $17 34. f5 exf5 35. Rxf5 e3 {Inhibits Raf2.} 36. Qg3 Ne6 (36... Ng6 $1 $19 {Threatens to win with ...Qe4.} 37. e6 Qb6) 37. Rf6 Qe7 (37... Qc8 $17 38. Rf1 (38. Qg4 Nf8 $15) 38... Kh8) 38. Bc6 $1 $14 Kh8 $1 39. Bxa8 {White is more active.} gxf6 $4 {[%mdl 8192] [#] This costs Black the game.} (39... Rxa8 $14 40. Rf1 h6) 40. Bd5 $1 $18 {White wants to mate with Rb2.} Qc7 41. Bxe6 Qxe5 42. Qxe5 fxe5 {[%mdl 4096] Endgame KRB-KR} 43. Kg3 d3 (43... h5 $142 44. Bf5 Kg7) 44. Bf5 d2 45. Bg4 Ra6 46. Ra1 Kg7 47. Be2 Rf6 48. a5 Rf2 {[#]} 49. a6 $1 {Intending a7 and mate.} Rxe2 (49... d1=Q 50. Rxd1) 50. a7 d1=Q {[#]} 51. a8=Q $1 {White threatens Qb7+ and mate.} ({Weaker is} 51. Rxd1 Ra2 $16) 51... Qd3 52. Ra7+ {White mates.} Kg6 53. Qg8+ Kh5 54. Qg4+ {Weighted Error Value: White=0.18 (very precise) /Black=0.47} 1-0

[Event "Svetozar Gligoric Masters 2022"]
[Site "Belgrade"]
[Date "2022.07.18"]
[Round "2.20"]
[White "Chelushkina, Irina"]
[Black "Spasic, Petar"]
[Result "0-1"]
[ECO "A49"]
[WhiteElo "2196"]
[BlackElo "2336"]
[Annotator "TA"]
[PlyCount "64"]
[EventDate "2022.07.18"]
[EventCountry "SRB"]
[SourceTitle "playchess.com"]
[Source "ChessBase"]
[SourceQuality "1"]
[TimeControl "40/5400+30:900+30"]

1. g3 d5 2. Nf3 g6 3. Bg2 Bg7 4. d4 Nf6 5. O-O O-O 6. a4 c5 7. c3 cxd4 {A49: 1 d4 Nf6 2 Nf3 g6 3 g3: Anti-King's Indian systems.} 8. Nxd4 {[%cal Bf3d4,Bd4b3,Bb3c5,Bc5d3][%mdl 32] [#]} e5 $146 ({Predecessor:} 8... h6 9. Na3 e5 10. Nb3 Nc6 11. Be3 Re8 12. a5 Bf5 13. Nb5 Ne4 14. Nc5 Rb8 15. Nxe4 Bxe4 16. Bxe4 dxe4 17. Nxa7 {1-0 (43) Chelushkina,I (2415)-Glaser,A (2011) Halle 2000}) 9. Nb3 Qc7 {Black is slightly better.} 10. Na3 a6 11. Bg5 ({Much weaker is} 11. Bxd5 Nxd5 12. Qxd5 Be6 $15) 11... Ne4 12. Be3 Be6 13. f3 ({White should play} 13. Bxe4 $11 dxe4 14. Nc5) 13... Nf6 $1 $15 14. Nc5 Bc8 15. Nd3 Nc6 16. b4 (16. Bf2 $15) 16... d4 $36 {[%mdl 2048] Black is in control.} 17. cxd4 Nd5 18. Bd2 {[#] Black must now prevent e4.} exd4 19. b5 axb5 20. axb5 (20. Nxb5 $142 Qe7 21. Re1) 20... Nce7 21. Kh1 Nf5 {Strongly threatening ...Nfe3.} 22. Rc1 Qd7 {Black is much more active.} 23. Qb3 Nfe3 {[#] ...Qe7 is the strong threat.} 24. Rfe1 Qe7 ({Inferior is} 24... Nxg2 25. Kxg2 Re8 26. Nc4) 25. Nc2 (25. Bxe3 $17 Nxe3 26. Nc2) 25... Be6 ({Better is} 25... Nxg2 $19 26. Kxg2 Be6) 26. Qb2 $2 {[%mdl 8192] This costs White the game.} (26. Bb4 $17 {is tougher.} Nxb4 27. Qxb4 Qxb4 28. Ndxb4) 26... Nc4 $19 27. Bb4 Nxb2 28. Bxe7 Nxd3 ({Stronger than} 28... Nxe7 29. Nxb2 Ra5 30. f4 $17) 29. Bxf8 Nxc1 {Pair of Knights!} 30. Bxg7 Kxg7 31. Nxd4 Rc8 32. e4 Nb4 {Weighted Error Value: White=0.43/Black=0.21 (precise)} 0-1

[Event "Svetozar Gligoric Masters 2022"]
[Site "Belgrade"]
[Date "2022.07.18"]
[Round "2.21"]
[White "Rohith Krishna S"]
[Black "Lever, Erwan"]
[Result "1-0"]
[ECO "E35"]
[WhiteElo "2326"]
[BlackElo "2178"]
[Annotator "TA"]
[PlyCount "71"]
[EventDate "2022.07.18"]
[EventCountry "SRB"]
[SourceTitle "playchess.com"]
[Source "ChessBase"]
[SourceQuality "1"]
[TimeControl "40/5400+30:900+30"]

1. d4 Nf6 2. c4 e6 3. Nc3 Bb4 4. Qc2 d5 5. cxd5 exd5 6. e3 {E35: Nimzo-Indian: Classical: 4...d5 5 cxd5 exd5.} O-O 7. Bd3 a6 8. Nge2 {The position is equal.} Re8 9. a3 Bd6 {[#]} 10. Bd2 $146 ({Predecessor:} 10. O-O b6 11. b4 Nbd7 12. Nf4 Bxf4 13. exf4 c5 14. dxc5 bxc5 15. Rd1 Bb7 16. Na4 {1-0 (52) So,W (2776)-Mamedyarov,S (2759) Bucharest 2022}) 10... Nbd7 11. b4 {Against c5} c6 12. f3 a5 13. Rb1 axb4 14. axb4 g6 (14... Nf8 $11) 15. O-O $1 $14 Nh5 16. e4 Bb8 17. exd5 (17. Rf2 $16) 17... cxd5 18. Nxd5 Nf8 19. Ndc3 Ne6 20. Be3 Nef4 21. Nxf4 Nxf4 22. Rbe1 {[#]} (22. Ne4 $11) 22... Be6 (22... Rxe3 $1 $15 23. Rxe3 Qxd4) 23. Bb5 $11 Qc7 24. Rc1 $2 {[%mdl 8192] [#]} (24. Bxe8 $2 Ne2+ 25. Nxe2 (25. Kf2 $2 Nxc3 26. Ra1 Qxh2 $17) 25... Qxc2 $19) (24. g3 $1 $11 {and White has nothing to worry.} Rc8 25. Bxf4 Qxc3 26. Qxc3 Rxc3 27. Be5) 24... Ne2+ $2 25. Nxe2 Qxh2+ 26. Kf2 {[%cal Bg1f2,Bf2e1,Be1d1,Bd1d2][%mdl 32] And now Rh1 would win.} Qh4+ {[%mdl 1024] Black has compensation.} 27. g3 Qh2+ 28. Ke1 {[#]} Bf5 (28... Ra3 $1 $11 {remains equal.} 29. Bf2 (29. Bxe8 $2 Rxe3 30. Bxf7+ Kxf7 $19) 29... Rd8) 29. Qd2 Re7 (29... Bxg3+ $16 {was called for.} 30. Kd1 Be6) 30. g4 $18 Ra3 31. Bg5 (31. gxf5 Rexe3 32. d5 (32. Kd1 Qh3 $14) 32... Be5 $16) ({Better is} 31. Rc3 $18 Ra1+ 32. Nc1) 31... Bg3+ $2 (31... Rxf3 $11 32. Bxe7 (32. Rxf3 {leads to mate.} Qg1+ 33. Rf1 Bg3+ 34. Kd1 Qxf1+) 32... Rxf1+ 33. Kxf1 Bg3) 32. Kd1 Be6 33. Bxe7 $2 (33. d5 Rd7 34. Rc8+ (34. dxe6 Rxd2+ 35. Bxd2 fxe6 $18) 34... Kg7 35. Bxd7 Bxd7 36. Qb2+ Be5 37. Qxa3 Bxc8 38. Qa8) 33... Bb3+ 34. Rc2 $1 Bf4 $2 (34... Ra1+ $16 35. Qc1 (35. Nc1 Bf4 $14) 35... Qg2) 35. Qxf4 Ra1+ 36. Kd2 {What a bad dream for Black.  Weighted Error Value: White=0.63/Black=0.55} 1-0

[Event "Svetozar Gligoric Masters 2022"]
[Site "Belgrade"]
[Date "2022.07.18"]
[Round "2.22"]
[White "Granovskiy, Alexandr"]
[Black "Lu, Miaoyi"]
[Result "1/2-1/2"]
[ECO "E60"]
[WhiteElo "2177"]
[BlackElo "2322"]
[Annotator "TA"]
[PlyCount "66"]
[EventDate "2022.07.18"]
[EventCountry "SRB"]
[SourceTitle "playchess.com"]
[Source "ChessBase"]
[SourceQuality "1"]
[TimeControl "40/5400+30:900+30"]

1. c4 Nf6 2. d4 g6 3. h4 Bg7 4. Nc3 d5 5. h5 Nxh5 6. cxd5 {E60: King's Indian: Unusual lines and Fianchetto Variation without Nc3.} c6 7. e4 {aiming for e5.} Nf6 8. dxc6 {White is slightly better.} Nxc6 9. d5 Ne5 {[#]} 10. Bb5+ $146 ({Predecessor:} 10. Be2 h5 11. f4 Neg4 12. e5 Qb6 13. Nh3 Nd7 14. Qa4 Kf8 15. Qb5 a6 16. Qxb6 Nxb6 17. Nf2 g5 18. g3 Bf5 19. Nxg4 Bxg4 20. Be3 Bxe2 21. Kxe2 {½-½ (21) Richardt,M (1956)-Dickson,G (2071) England 2013}) 10... Kf8 11. Be2 h5 12. Bf4 Nfg4 13. Qd2 ({Much weaker is} 13. f3 Qb6 14. fxg4 hxg4 $11) 13... Qb6 14. Nh3 Bd7 15. O-O (15. f3 $5 ) 15... f6 16. d6 $1 {[#] dxe7+ is the strong threat.} Qxd6 17. Rad1 (17. Qxd6 $14 exd6 18. Rad1) 17... Qxd2 $11 18. Rxd2 g5 $36 {[%mdl 2048] Black is more active.} 19. Bxg4 {[%mdl 64] [#] Remove Defender} Bxg4 20. Bxe5 fxe5 21. f3 Be6 22. Nd5 (22. Nxg5 $11 Bc4 23. Rc1) 22... Bxh3 $15 23. gxh3 Rd8 {Threatens to win with ...e6.} 24. Rfd1 e6 25. Nc3 Ke7 26. Rxd8 Rxd8 27. Rxd8 Kxd8 {[%mdl 4096] Endgame KB-KN} 28. Ne2 Bf8 29. Nc1 Bc5+ 30. Kg2 Bd4 31. Nd3 Bc5 $2 32. Ne1 $2 ({White must play} 32. Nxc5 $18 Ke7 33. Nxb7) 32... Bf8 ({Better is} 32... h4 $15) 33. Nd3 $11 Bg7 {Weighted Error Value: White=0.33/Black=0.10 (very precise)} 1/2-1/2